Lightning vs Maple Leafs (R1)

Created - January 10, 2020 at 19:18

Goals
1 2 3 T
Lightning 1 0 0 1
Maple Leafs 2 0 1 3
Shots
1 2 3 T
Lightning 11 6 14 31
Maple Leafs 17 3 11 31

1st period

1. Lightning , Patrick Kaleta 3 (Tyler Toffoli 19, Cameron Schilling 2) at 5:11
2. Maple Leafs , Kevin Shattenkirk 8 (Braydon Coburn 6, Brayden Schenn 10) at 17:41
3. Maple Leafs , Ben Smith 7 (Brayden Schenn 11, Fabian Brunnstrom 13) at 18:16

Penalties :
Daniel Carcillo (TB.) for Hooking (Minor) at 8:04, Theo Peckham (TB.) for Roughing (Minor) at 19:20

2nd period

No Goal

Penalties :
Taylor Hall (Tor) for Hooking (Minor) at 5:42, Gilbert Brule (TB.) for Slashing (Minor) at 9:42, Jon Merrill (TB.) for Interference (Minor) at 18:23

3rd period

4. Maple Leafs , Fabian Brunnstrom 8 (Brayden Schenn 12, Ben Smith 12) at 7:55

Penalties :
Patrick Kane (Tor) for Hooking (Minor) at 8:40, Fabian Brunnstrom (Tor) for Slashing (Minor) at 18:54

Goalie Stats

Jaroslav Halak (TB.), 28 saves from 31 shots - (0.903), L, 16-9-1, 60:00 minutes
Tyler Weiman (Tor), 30 saves from 31 shots - (0.968), W, 2-1-0, 60:00 minutes

Players Stats for Lightning

Player Name              G  A  P  +/- PIM S  H  SB GA TA FO     MP     PP MP  PK MP  
------------------------------------------------------------------------------------
Andy Rogers              0  0  0  -1  0   0  0  1  0  1  0/0    20:13   0:00   4:44 
Cameron Schilling        0  1  1   1  0   0  0  0  0  0  0/0    16:08   2:10   3:12 
Daniel Carcillo          0  0  0  -2  2   2  0  0  0  1  0/1    16:28   0:06   3:26 
Dany Heatley             0  0  0   0  0   2  0  1  0  1  0/0     8:45   0:06   1:29 
Gilbert Brule            0  0  0  -1  2   1  0  0  0  0  7/18   16:14   0:00   1:23 
Henrik Zetterberg        0  0  0  -1  0   5  1  1  1  0  7/9    22:30   2:43   4:46 
Jack Skille              0  0  0   0  0   1  0  0  0  0  0/0     7:11   0:06   0:00 
Jon Merrill              0  0  0  -2  2   0  1  2  0  1  0/0    26:59   2:53   3:33 
Kevin Hayes              0  0  0  -2  0   0  3  0  0  0  0/0    14:31   2:14   0:00 
Mika Zibanejad           0  0  0  -2  0   2  1  0  0  0  11/16  16:39   2:43   1:31 
Mikael Backlund          0  0  0   0  0   2  2  0  0  0  4/5     6:36   0:00   0:00 
Patrick Kaleta           1  0  1   1  0   7  1  0  0  1  0/1    15:29   0:00   3:02 
Paul Ranger              0  0  0   1  0   3  1  0  0  0  0/0    16:21   2:10   1:56 
Rasmus Ristolainen       0  0  0  -2  0   2  0  2  1  0  0/0    23:39   2:53   0:00 
Sam Gagner               0  0  0   1  0   2  0  0  0  0  5/12   14:53   2:14   0:03 
Teuvo Teravainen         0  0  0   1  0   0  1  0  0  0  2/3    15:15   2:14   0:12 
Theo Peckham             0  0  0  -1  2   0  2  3  0  0  0/0    16:56   0:00   2:27 
Tyler Toffoli            0  1  1  -1  0   2  1  0  1  2  2/2    17:13   2:43   0:00 

Players Stats for Maple Leafs

Player Name              G  A  P  +/- PIM S  H  SB GA TA FO     MP     PP MP  PK MP  
------------------------------------------------------------------------------------
Alex Killorn             0  0  0   0  0   1  0  1  0  0  0/0     7:14   0:00   0:00 
Beau Bennett             0  0  0   0  0   0  0  0  0  0  0/0     7:14   0:00   0:00 
Ben Smith                1  1  2   2  0   2  1  0  0  0  1/2    17:35   3:25   0:00 
Blake Comeau             0  0  0   0  0   0  0  0  1  0  0/1    11:50   0:00   1:33 
Brayden Schenn           0  3  3   2  0   5  1  0  2  1  6/11   19:29   3:25   1:54 
Braydon Coburn           0  1  1   2  0   2  2  1  0  0  0/0    28:14   5:32   2:56 
Calvin de Haan           0  0  0   1  0   0  0  0  0  0  0/0    11:34   0:00   0:00 
Eric Nystrom             0  0  0   0  0   1  2  0  0  0  0/0    11:59   0:00   1:42 
Fabian Brunnstrom        1  1  2   2  2   3  0  0  1  0  1/1    18:24   3:25   0:38 
Jordan Staal             0  0  0   0  0   3  1  1  0  0  16/35  20:41   4:31   0:50 
Kevin Shattenkirk        1  0  1   2  0   2  3  1  3  0  0/0    28:14   5:32   2:56 
Nate Thompson            0  0  0   0  0   0  1  0  0  0  0/3     7:14   0:00   0:00 
Patrick Kane             0  0  0   0  2   4  1  2  0  1  1/4    21:22   4:31   1:44 
Paul Ladue               0  0  0   1  0   0  0  0  0  0  0/0    11:34   0:00   0:00 
Ryan Parent              0  0  0  -1  0   2  0  0  0  0  0/0    20:12   2:24   2:07 
Taylor Chorney           0  0  0  -1  0   0  0  1  0  1  0/0    20:12   2:24   2:07 
Taylor Hall              0  0  0   0  2   5  1  1  0  0  1/2    21:35   4:31   1:45 
Zac Dalpe                0  0  0   0  0   1  1  0  0  0  3/8    10:17   0:00   0:00 

3 Stars

1 - Brayden Schenn (Tor)
2 - Ben Smith (Tor)
3 - Tyler Weiman (Tor)

Power Play

Lightning - 0 on 3 Attempt(s) - 0.00%
Maple Leafs - 0 on 4 Attempt(s) - 0.00%

Penalty Kill

Lightning - 4 on 4 Attempt(s) - 100.00% - Score 0 goal in Penalty Kill
Maple Leafs - 3 on 3 Attempt(s) - 100.00% - Score 0 goal in Penalty Kill

Team Stat

Lightning - Hits : 14 - Faceoff Wins : 38 - Blocked Shots : 10 - Penalty Minutes : 8
Maple Leafs - Hits : 14 - Faceoff Wins : 29 - Blocked Shots : 8 - Penalty Minutes : 6

Official

Referees : Unknown
Linesman : Unknown

Game Notes

No Game Note

Finance

Level 1 -- Attendance: 4792 (79.87%) -- Ticket Income $527,120
Level 2 -- Attendance: 3755 (75.10%) -- Ticket Income $262,850
Level 3 -- Attendance: 1460 (73.00%) -- Ticket Income $67,160
Level 4 -- Attendance: 3966 (99.15%) -- Ticket Income $118,980
Luxury Box -- Attendance: 1000 (100.00%) -- Ticket Income $180,000
Game was played at the Maple Leafs Garden.
Total Attendance: 14973 (83.18%)
Total Ticket Income: $1,156,110
Other Income: $173,416
Total Income: $1,329,526

Lightning

5 vs 5 Forward 
   Center                   Left Wing                Right Wing               Time % Phy DF OF 
 1 Gilbert Brule            Henrik Zetterberg        Tyler Toffoli            35     0   2  3  
 2 Sam Gagner               Teuvo Teravainen         Patrick Kaleta           30     0   2  3  
 3 Mika Zibanejad           Daniel Carcillo          Kevin Hayes              30     0   2  3  
 4 Mikael Backlund          Dany Heatley             Jack Skille              5      1   2  2  

5 vs 5 Defense 
   Defense                  Defense                                           Time % Phy DF OF 
 1 Rasmus Ristolainen       Jon Merrill                                       40     0   2  3  
 2 Andy Rogers              Theo Peckham                                      30     0   2  3  
 3 Cameron Schilling        Paul Ranger                                       20     1   2  2  
 4 Rasmus Ristolainen       Jon Merrill                                       10     0   2  3  

PowerPlay Forward 
   Center                   Left Wing                Right Wing               Time % Phy DF OF 
 1 Mika Zibanejad           Henrik Zetterberg        Tyler Toffoli            60     0   1  4  
 2 Sam Gagner               Teuvo Teravainen         Kevin Hayes              40     0   1  4  

PowerPlay Defense
   Defense                  Defense                                           Time % Phy DF OF 
 1 Rasmus Ristolainen       Jon Merrill                                       60     0   1  4  
 2 Cameron Schilling        Paul Ranger                                       40     0   2  3  

Penalty Kill 4 Players Forward 
   Center                   Wing                     Time % Phy DF OF 
 1 Henrik Zetterberg        Daniel Carcillo          60     1   3  1  
 2 Gilbert Brule            Patrick Kaleta           40     1   3  1  

Penalty Kill 4 Players Defense
   Defense                  Defense                  Time % Phy DF OF 
 1 Andy Rogers              Jon Merrill              60     1   3  1  
 2 Cameron Schilling        Theo Peckham             40     1   3  1  

Penalty Kill - 3 Players Forward 
   Forward                                           Time % Phy DF OF 
 1 Patrick Kaleta                                    60     1   3  1  
 2 Gilbert Brule                                     40     1   3  1  

Penalty Kill - 3 Players Defense
   Defense                  Defense                  Time % Phy DF OF 
 1 Andy Rogers              Jon Merrill              60     1   3  1  
 2 Cameron Schilling        Theo Peckham             40     1   3  1  

4 vs 4 Forward 
   Center                   Wing                     Time % Phy DF OF 
 1 Henrik Zetterberg        Tyler Toffoli            60     0   2  3  
 2 Gilbert Brule            Teuvo Teravainen         40     0   2  3  

4 vs 4 Defense
   Defense                  Defense                  Time % Phy DF OF 
 1 Rasmus Ristolainen       Jon Merrill              60     0   2  3  
 2 Cameron Schilling        Andy Rogers              40     1   2  2  

Last Minutes Offensive
   Center                   Left Wing                Right Wing               Defense                  Defense                  
   Sam Gagner               Henrik Zetterberg        Tyler Toffoli            Rasmus Ristolainen       Jon Merrill              

Last Minutes Defensive
   Center                   Left Wing                Right Wing               Defense                  Defense                  
   Gilbert Brule            Daniel Carcillo          Patrick Kaleta           Andy Rogers              Jon Merrill              

Goaltenders
Starting : Jaroslav Halak           
Backup : Jhonas Enroth            

Extra Forwards
Normal : Dany Heatley, Mika Zibanejad, Teuvo Teravainen - PP : Dany Heatley, Mika Zibanejad - PK : Patrick Kaleta
Extra Defensemen
Normal : Rasmus Ristolainen, Jon Merrill, Cameron Schilling - PP : Rasmus Ristolainen - PK : Paul Ranger, Cameron Schilling
Penalty Shots
Henrik Zetterberg, Gilbert Brule, Daniel Carcillo, Sam Gagner, Dany Heatley

Scratches
Pierre-Luc Létourneau (Healthy), Justin Schultz (Right Ankle Injury)

Maple Leafs

5 vs 5 Forward 
   Center                   Left Wing                Right Wing               Time % Phy DF OF 
 1 Jordan Staal             Taylor Hall              Patrick Kane             40     1   2  2  
 2 Brayden Schenn           Fabian Brunnstrom        Ben Smith                30     1   2  2  
 3 Zac Dalpe                Eric Nystrom             Blake Comeau             20     1   2  2  
 4 Nate Thompson            Alex Killorn             Beau Bennett             10     1   2  2  

5 vs 5 Defense 
   Defense                  Defense                                           Time % Phy DF OF 
 1 Kevin Shattenkirk        Braydon Coburn                                    40     1   2  2  
 2 Taylor Chorney           Ryan Parent                                       30     1   2  2  
 3 Calvin de Haan           Paul Ladue                                        20     1   2  2  
 4 Kevin Shattenkirk        Braydon Coburn                                    10     1   2  2  

PowerPlay Forward 
   Center                   Left Wing                Right Wing               Time % Phy DF OF 
 1 Jordan Staal             Taylor Hall              Patrick Kane             60     1   2  2  
 2 Brayden Schenn           Fabian Brunnstrom        Ben Smith                40     1   2  2  

PowerPlay Defense
   Defense                  Defense                                           Time % Phy DF OF 
 1 Kevin Shattenkirk        Braydon Coburn                                    60     1   2  2  
 2 Taylor Chorney           Ryan Parent                                       40     1   2  2  

Penalty Kill 4 Players Forward 
   Center                   Wing                     Time % Phy DF OF 
 1 Patrick Kane             Taylor Hall              60     1   2  2  
 2 Jordan Staal             Brayden Schenn           40     1   2  2  

Penalty Kill 4 Players Defense
   Defense                  Defense                  Time % Phy DF OF 
 1 Kevin Shattenkirk        Braydon Coburn           60     1   2  2  
 2 Taylor Chorney           Ryan Parent              40     1   2  2  

Penalty Kill - 3 Players Forward 
   Forward                                           Time % Phy DF OF 
 1 Patrick Kane                                      60     1   2  2  
 2 Taylor Hall                                       40     1   2  2  

Penalty Kill - 3 Players Defense
   Defense                  Defense                  Time % Phy DF OF 
 1 Kevin Shattenkirk        Braydon Coburn           60     1   2  2  
 2 Taylor Chorney           Ryan Parent              40     1   2  2  

4 vs 4 Forward 
   Center                   Wing                     Time % Phy DF OF 
 1 Patrick Kane             Taylor Hall              60     1   2  2  
 2 Jordan Staal             Brayden Schenn           40     1   2  2  

4 vs 4 Defense
   Defense                  Defense                  Time % Phy DF OF 
 1 Kevin Shattenkirk        Braydon Coburn           60     1   2  2  
 2 Taylor Chorney           Ryan Parent              40     1   2  2  

Last Minutes Offensive
   Center                   Left Wing                Right Wing               Defense                  Defense                  
   Jordan Staal             Taylor Hall              Patrick Kane             Kevin Shattenkirk        Braydon Coburn           

Last Minutes Defensive
   Center                   Left Wing                Right Wing               Defense                  Defense                  
   Jordan Staal             Taylor Hall              Patrick Kane             Kevin Shattenkirk        Braydon Coburn           

Goaltenders
Starting : Tyler Weiman             
Backup : Marc-André Fleury        

Extra Forwards
Normal : Eric Nystrom, Alex Killorn, Blake Comeau - PP : Eric Nystrom, Alex Killorn - PK : Blake Comeau
Extra Defensemen
Normal : Calvin de Haan, Paul Ladue, Taylor Chorney - PP : Calvin de Haan - PK : Paul Ladue, Taylor Chorney
Penalty Shots
Patrick Kane, Taylor Hall, Jordan Staal, Brayden Schenn, Fabian Brunnstrom

Scratches
Mark Scheifele (Broken Bone (Left Arm) Injury), Marc-Édouard Vlasic (Left Hip Injury), John Klingberg (Torn Right MCL Injury)

% Time on Ice - Lightning

Lines # - Real PCT - Wanted PCT - Time Play
Normal Forward
1 - 33% - 35% - 15:24
2 - 27% - 30% - 12:36
3 - 26% - 30% - 12:25
4 - 14% - 5% - 6:36
Normal Defense
1 - 39% - 40% - 18:08
2 - 33% - 30% - 15:26
3 - 21% - 20% - 9:48
4 - 8% - 10% - 3:39
PP Forward
1 - 56% - 60% - 2:49
2 - 44% - 40% - 2:14
PP Defense
1 - 57% - 60% - 2:53
2 - 43% - 40% - 2:10
PK Forward
1 - 72% - 60% - 5:41
2 - 28% - 40% - 2:15
PK Defense
1 - 60% - 60% - 4:44
2 - 40% - 40% - 3:12
PK3 Forward
1 - 0% - 60%
2 - 0% - 40%
PK3 Defense
1 - 0% - 60%
2 - 0% - 40%
44 Forward
1 - 0% - 60%
2 - 0% - 40%
44 Defense
1 - 0% - 60%
2 - 0% - 40%
Last Minute Offensive  - 0:00
Last Minute Defensive  - 0:00
Total
Forward - 60:00
Defense - 60:00

% Time on Ice - Maple Leafs

Lines # - Real PCT - Wanted PCT - Time Play
Normal Forward
1 - 33% - 40% - 15:20
2 - 30% - 30% - 14:10
3 - 22% - 20% - 10:17
4 - 15% - 10% - 7:14
Normal Defense
1 - 38% - 40% - 18:03
2 - 33% - 30% - 15:41
3 - 25% - 20% - 11:34
4 - 4% - 10% - 1:43
PP Forward
1 - 57% - 60% - 4:31
2 - 43% - 40% - 3:25
PP Defense
1 - 70% - 60% - 5:32
2 - 30% - 40% - 2:24
PK Forward
1 - 93% - 60% - 4:42
2 - 7% - 40% - 0:21
PK Defense
1 - 58% - 60% - 2:56
2 - 42% - 40% - 2:07
PK3 Forward
1 - 0% - 60%
2 - 0% - 40%
PK3 Defense
1 - 0% - 60%
2 - 0% - 40%
44 Forward
1 - 0% - 60%
2 - 0% - 40%
44 Defense
1 - 0% - 60%
2 - 0% - 40%
Last Minute Offensive  - 0:00
Last Minute Defensive  - 0:00
Total
Forward - 60:00
Defense - 60:00

Play-by-Play

1st period


0:01 of 1st period - Jordan Staal wins face-off versus Gilbert Brule in neutral zone.
0:50 of 1st period - Slapshot by Zac Dalpe.
0:50 of 1st period - Shot Blocked by Rasmus Ristolainen.
0:52 of 1st period - Wrist shot by Zac Dalpe.
0:52 of 1st period - Shot Misses the Net.
0:54 of 1st period - Slapshot by Ryan Parent.
0:54 of 1st period - Stopped by Jaroslav Halak with a rebound.
1:38 of 1st period - Wrist shot by Taylor Hall.
1:38 of 1st period - Stopped by Jaroslav Halak without a rebound.
1:39 of 1st period - Fabian Brunnstrom wins face-off versus Mika Zibanejad in Lightning zone.
1:54 of 1st period - Snap shot by Kevin Hayes.
1:54 of 1st period - Deflect By Mika Zibanejad.
1:54 of 1st period - Stopped by Tyler Weiman with a rebound.
1:59 of 1st period - Icing by Ben Smith.
2:00 of 1st period - Sam Gagner wins face-off versus Brayden Schenn in Maple Leafs zone.
2:05 of 1st period - Backhand shot by Patrick Kaleta.
2:05 of 1st period - Shot Blocked by Braydon Coburn.
2:11 of 1st period - Wrist shot by Brayden Schenn.
2:11 of 1st period - Stopped by Jaroslav Halak without a rebound.
2:12 of 1st period - Jordan Staal wins face-off versus Gilbert Brule in Lightning zone.
2:23 of 1st period - Snap shot by Jordan Staal.
2:23 of 1st period - Shot Misses the Net.
3:39 of 1st period - Icing by Paul Ranger.
3:40 of 1st period - Gilbert Brule wins face-off versus Jordan Staal in Lightning zone.
4:35 of 1st period - Off-side.
4:36 of 1st period - Jordan Staal wins face-off versus Gilbert Brule in neutral zone.
4:41 of 1st period - Snap shot by Patrick Kane.
4:41 of 1st period - Stopped by Jaroslav Halak without a rebound.
4:42 of 1st period - Jordan Staal wins face-off versus Gilbert Brule in Lightning zone.
4:59 of 1st period - Wrist shot by Jordan Staal.
4:59 of 1st period - Shot Misses the Net.
5:09 of 1st period - Snap shot by Tyler Toffoli.
5:09 of 1st period - Shot Misses the Net.
5:11 of 1st period - Snap shot by Patrick Kaleta.
5:11 of 1st period - Goal by Patrick Kaleta - Lightning : 1 - Maple Leafs : 0.
5:12 of 1st period - Mika Zibanejad wins face-off versus Jordan Staal in neutral zone.
5:15 of 1st period - Jordan Staal is hit by Kevin Hayes and loses puck.
6:11 of 1st period - Off-side.
6:12 of 1st period - Mika Zibanejad wins face-off versus Jordan Staal in neutral zone.
6:15 of 1st period - Slapshot by Mika Zibanejad.
6:15 of 1st period - Stopped by Tyler Weiman with a rebound.
6:21 of 1st period - Snap shot by Kevin Hayes.
6:21 of 1st period - Shot Misses the Net.
7:23 of 1st period - Slapshot by Mikael Backlund.
7:23 of 1st period - Shot Blocked by Alex Killorn.
7:25 of 1st period - Snap shot by Rasmus Ristolainen.
7:25 of 1st period - Stopped by Tyler Weiman without a rebound.
7:26 of 1st period - Mikael Backlund wins face-off versus Nate Thompson in Maple Leafs zone.
7:29 of 1st period - Wrist shot by Dany Heatley.
7:29 of 1st period - Shot Misses the Net.
7:55 of 1st period - Snap shot by Alex Killorn.
7:55 of 1st period - Shot Misses the Net.
7:59 of 1st period - Wrist shot by Alex Killorn.
7:59 of 1st period - Shot Misses the Net.
8:01 of 1st period - Wrist shot by Alex Killorn.
8:01 of 1st period - Deflect By Beau Bennett.
8:01 of 1st period - Shot Misses the Net.
8:01 of 1st period - Puck is out of play.
8:02 of 1st period - Mika Zibanejad wins face-off versus Jordan Staal in Lightning zone.
8:04 of 1st period - Minor Penalty to Daniel Carcillo for Hooking.
8:05 of 1st period - Henrik Zetterberg wins face-off versus Patrick Kane in Lightning zone.
8:35 of 1st period - Wrist shot by Brayden Schenn.
8:35 of 1st period - Stopped by Jaroslav Halak without a rebound.
8:36 of 1st period - Jordan Staal wins face-off versus Henrik Zetterberg in Lightning zone.
9:45 of 1st period - Andy Rogers is hit by Taylor Hall.
10:04 of 1st period - Penalty to Daniel Carcillo is over, Daniel Carcillo is back on ice.
10:35 of 1st period - Wrist shot by Alex Killorn.
10:35 of 1st period - Stopped by Jaroslav Halak without a rebound.
10:36 of 1st period - Mika Zibanejad wins face-off versus Jordan Staal in Lightning zone.
11:01 of 1st period - Fabian Brunnstrom is hit by Henrik Zetterberg and loses puck.
11:26 of 1st period - Eric Nystrom is hit by Patrick Kaleta and loses puck.
11:31 of 1st period - Snap shot by Patrick Kaleta.
11:31 of 1st period - Stopped by Tyler Weiman without a rebound.
11:32 of 1st period - Sam Gagner wins face-off versus Jordan Staal in Maple Leafs zone.
11:33 of 1st period - Snap shot by Patrick Kaleta.
11:33 of 1st period - Shot Misses the Net.
11:48 of 1st period - Snap shot by Patrick Kaleta.
11:48 of 1st period - Stopped by Tyler Weiman with a rebound.
12:32 of 1st period - Daniel Carcillo is hit by Braydon Coburn.
12:41 of 1st period - Off-side.
12:42 of 1st period - Mikael Backlund wins face-off versus Nate Thompson in neutral zone.
13:20 of 1st period - Snap shot by Henrik Zetterberg.
13:20 of 1st period - Stopped by Tyler Weiman without a rebound.
13:21 of 1st period - Brayden Schenn wins face-off versus Sam Gagner in Maple Leafs zone.
13:45 of 1st period - Icing by Braydon Coburn.
13:46 of 1st period - Gilbert Brule wins face-off versus Jordan Staal in Maple Leafs zone.
13:59 of 1st period - Snap shot by Patrick Kane.
13:59 of 1st period - Shot Misses the Net.
14:01 of 1st period - Slapshot by Braydon Coburn.
14:01 of 1st period - Deflect By Jordan Staal.
14:01 of 1st period - Shot Misses the Net.
14:01 of 1st period - Puck is out of play.
14:02 of 1st period - Brayden Schenn wins face-off versus Mika Zibanejad in Lightning zone.
14:07 of 1st period - Snap shot by Brayden Schenn.
14:07 of 1st period - Shot Misses the Net.
14:13 of 1st period - Snap shot by Ben Smith.
14:13 of 1st period - Shot Blocked by Theo Peckham.
14:17 of 1st period - Snap shot by Ben Smith.
14:17 of 1st period - Deflect By Brayden Schenn.
14:17 of 1st period - Stopped by Jaroslav Halak without a rebound.
14:18 of 1st period - Jordan Staal wins face-off versus Gilbert Brule in Lightning zone.
14:19 of 1st period - Snap shot by Patrick Kane.
14:19 of 1st period - Stopped by Jaroslav Halak with a rebound.
14:21 of 1st period - Slapshot by Patrick Kane.
14:21 of 1st period - Shot Blocked by Henrik Zetterberg.
14:23 of 1st period - Wrist shot by Taylor Hall.
14:23 of 1st period - Shot Misses the Net.
14:25 of 1st period - Slapshot by Kevin Shattenkirk.
14:25 of 1st period - Stopped by Jaroslav Halak without a rebound.
14:26 of 1st period - Jordan Staal wins face-off versus Gilbert Brule in Lightning zone.
14:41 of 1st period - Snap shot by Patrick Kane.
14:41 of 1st period - Shot Misses the Net.
14:43 of 1st period - Slapshot by Braydon Coburn.
14:43 of 1st period - Stopped by Jaroslav Halak without a rebound.
14:44 of 1st period - Brayden Schenn wins face-off versus Sam Gagner in Lightning zone.
14:53 of 1st period - Slapshot by Brayden Schenn.
14:53 of 1st period - Stopped by Jaroslav Halak with a rebound.
15:22 of 1st period - Wrist shot by Mika Zibanejad.
15:22 of 1st period - Shot Blocked by Taylor Hall.
15:34 of 1st period - Henrik Zetterberg is hit by Kevin Shattenkirk and loses puck.
16:14 of 1st period - Icing by Nate Thompson.
16:15 of 1st period - Ben Smith wins face-off versus Mikael Backlund in Maple Leafs zone.
16:20 of 1st period - Slapshot by Mikael Backlund.
16:20 of 1st period - Shot Misses the Net.
16:22 of 1st period - Snap shot by Dany Heatley.
16:22 of 1st period - Stopped by Tyler Weiman with a rebound.
16:28 of 1st period - Wrist shot by Mikael Backlund.
16:28 of 1st period - Deflect By Ryan Parent.
16:28 of 1st period - Stopped by Tyler Weiman with a rebound.
16:30 of 1st period - Snap shot by Dany Heatley.
16:30 of 1st period - Stopped by Tyler Weiman with a rebound.
16:32 of 1st period - Slapshot by Jack Skille.
16:32 of 1st period - Stopped by Tyler Weiman with a rebound.
16:52 of 1st period - Slapshot by Taylor Hall.
16:52 of 1st period - Stopped by Jaroslav Halak without a rebound.
16:53 of 1st period - Taylor Hall wins face-off versus Gilbert Brule in Lightning zone.
17:18 of 1st period - Braydon Coburn is hit by Teuvo Teravainen and loses puck.
17:41 of 1st period - Slapshot by Kevin Shattenkirk.
17:41 of 1st period - Deflect By Daniel Carcillo.
17:41 of 1st period - Goal by Kevin Shattenkirk - Lightning : 1 - Maple Leafs : 1.
17:42 of 1st period - Jordan Staal wins face-off versus Gilbert Brule in neutral zone.
18:07 of 1st period - Calvin de Haan is hit by Kevin Hayes and loses puck.
18:14 of 1st period - Wrist shot by Brayden Schenn.
18:14 of 1st period - Shot Blocked by Rasmus Ristolainen.
18:16 of 1st period - Snap shot by Ben Smith.
18:16 of 1st period - Goal by Ben Smith - Lightning : 1 - Maple Leafs : 2.
18:17 of 1st period - Jordan Staal wins face-off versus Patrick Kaleta in neutral zone.
18:26 of 1st period - Wrist shot by Taylor Hall.
18:26 of 1st period - Stopped by Jaroslav Halak with a rebound.
18:28 of 1st period - Snap shot by Taylor Hall.
18:28 of 1st period - Stopped by Jaroslav Halak without a rebound.
18:29 of 1st period - Jordan Staal wins face-off versus Gilbert Brule in Lightning zone.
18:32 of 1st period - Wrist shot by Patrick Kane.
18:32 of 1st period - Stopped by Jaroslav Halak with a rebound.
19:01 of 1st period - Slapshot by Daniel Carcillo.
19:01 of 1st period - Shot Misses the Net.
19:13 of 1st period - Snap shot by Dany Heatley.
19:13 of 1st period - Shot Misses the Net.
19:20 of 1st period - Minor Penalty to Theo Peckham for Roughing.
19:21 of 1st period - Henrik Zetterberg wins face-off versus Jordan Staal in Lightning zone.
19:50 of 1st period - Snap shot by Patrick Kaleta.
19:50 of 1st period - Shot Misses the Net.
Goals for this period are 1 for Lightning vs 2 for Maple Leafs.
Shots for this period are 11 for Lightning vs 17 for Maple Leafs.

2nd period


0:01 of 2nd period - Henrik Zetterberg wins face-off versus Jordan Staal in neutral zone.
0:06 of 2nd period - Snap shot by Henrik Zetterberg.
0:06 of 2nd period - Stopped by Tyler Weiman without a rebound.
0:07 of 2nd period - Henrik Zetterberg wins face-off versus Jordan Staal in Maple Leafs zone.
0:17 of 2nd period - Slapshot by Daniel Carcillo.
0:17 of 2nd period - Stopped by Tyler Weiman with a rebound.
1:20 of 2nd period - Penalty to Theo Peckham is over, Theo Peckham is back on ice.
1:31 of 2nd period - Icing by Patrick Kaleta.
1:32 of 2nd period - Zac Dalpe wins face-off versus Sam Gagner in Lightning zone.
1:46 of 2nd period - Wrist shot by Teuvo Teravainen.
1:46 of 2nd period - Shot Misses the Net.
2:00 of 2nd period - Henrik Zetterberg is hit by Jordan Staal and loses puck.
2:52 of 2nd period - Wrist shot by Ben Smith.
2:52 of 2nd period - Deflect By Fabian Brunnstrom.
2:52 of 2nd period - Stopped by Jaroslav Halak with a rebound.
3:19 of 2nd period - Icing by Eric Nystrom.
3:20 of 2nd period - Teuvo Teravainen wins face-off versus Zac Dalpe in Maple Leafs zone.
3:23 of 2nd period - Snap shot by Patrick Kaleta.
3:23 of 2nd period - Stopped by Tyler Weiman with a rebound.
3:25 of 2nd period - Snap shot by Sam Gagner.
3:25 of 2nd period - Stopped by Tyler Weiman with a rebound.
3:35 of 2nd period - Snap shot by Patrick Kaleta.
3:35 of 2nd period - Stopped by Tyler Weiman without a rebound.
3:36 of 2nd period - Mika Zibanejad wins face-off versus Jordan Staal in Maple Leafs zone.
4:01 of 2nd period - Paul Ladue is hit by Mikael Backlund and loses puck.
4:16 of 2nd period - Slapshot by Jordan Staal.
4:16 of 2nd period - Deflect By Andy Rogers.
4:16 of 2nd period - Shot Misses the Net.
4:16 of 2nd period - Puck is out of play.
4:17 of 2nd period - Teuvo Teravainen wins face-off versus Brayden Schenn in Lightning zone.
4:58 of 2nd period - Icing by Eric Nystrom.
4:59 of 2nd period - Zac Dalpe wins face-off versus Gilbert Brule in Maple Leafs zone.
4:59 of 2nd period - Zac Dalpe is hit by Tyler Toffoli.
5:17 of 2nd period - Off-side.
5:18 of 2nd period - Brayden Schenn wins face-off versus Sam Gagner in neutral zone.
5:42 of 2nd period - Minor Penalty to Taylor Hall for Hooking.
5:43 of 2nd period - Mika Zibanejad wins face-off versus Patrick Kane in Maple Leafs zone.
6:08 of 2nd period - Sam Gagner is hit by Kevin Shattenkirk and loses puck.
7:42 of 2nd period - Penalty to Taylor Hall is over, Taylor Hall is back on ice.
8:23 of 2nd period - Icing by Patrick Kane.
8:24 of 2nd period - Jordan Staal wins face-off versus Mika Zibanejad in Maple Leafs zone.
8:24 of 2nd period - Jordan Staal is hit by Theo Peckham.
8:44 of 2nd period - Off-side.
8:45 of 2nd period - Sam Gagner wins face-off versus Brayden Schenn in neutral zone.
9:28 of 2nd period - Backhand shot by Eric Nystrom.
9:28 of 2nd period - Stopped by Jaroslav Halak without a rebound.
9:29 of 2nd period - Gilbert Brule wins face-off versus Zac Dalpe in Lightning zone.
9:29 of 2nd period - Gilbert Brule is hit by Eric Nystrom.
9:42 of 2nd period - Minor Penalty to Gilbert Brule for Slashing.
9:43 of 2nd period - Henrik Zetterberg wins face-off versus Jordan Staal in Lightning zone.
10:20 of 2nd period - Snap shot by Mika Zibanejad.
10:20 of 2nd period - Shot Blocked by Taylor Chorney.
10:54 of 2nd period - Mika Zibanejad is hit by Kevin Shattenkirk and loses puck.
11:42 of 2nd period - Penalty to Gilbert Brule is over, Gilbert Brule is back on ice.
13:06 of 2nd period - Kevin Shattenkirk is hit by Mikael Backlund and loses puck.
13:19 of 2nd period - Rasmus Ristolainen is hit by Braydon Coburn.
13:47 of 2nd period - Gilbert Brule is hit by Nate Thompson and loses puck.
14:01 of 2nd period - Icing by Tyler Toffoli.
14:02 of 2nd period - Mikael Backlund wins face-off versus Zac Dalpe in Lightning zone.
14:15 of 2nd period - Wrist shot by Blake Comeau.
14:15 of 2nd period - Shot Misses the Net.
14:17 of 2nd period - Snap shot by Blake Comeau.
14:17 of 2nd period - Shot Misses the Net.
15:02 of 2nd period - Icing by Taylor Chorney.
15:03 of 2nd period - Tyler Toffoli wins face-off versus Ben Smith in Maple Leafs zone.
15:04 of 2nd period - Slapshot by Gilbert Brule.
15:04 of 2nd period - Stopped by Tyler Weiman with a rebound.
15:54 of 2nd period - Wrist shot by Blake Comeau.
15:54 of 2nd period - Shot Misses the Net.
15:56 of 2nd period - Snap shot by Zac Dalpe.
15:56 of 2nd period - Stopped by Jaroslav Halak without a rebound.
15:57 of 2nd period - Gilbert Brule wins face-off versus Brayden Schenn in Lightning zone.
16:10 of 2nd period - Theo Peckham is hit by Ben Smith and loses puck.
16:23 of 2nd period - Jordan Staal is hit by Theo Peckham and loses puck.
16:46 of 2nd period - Wrist shot by Alex Killorn.
16:46 of 2nd period - Shot Misses the Net.
17:10 of 2nd period - Cameron Schilling is hit by Eric Nystrom and loses puck.
18:15 of 2nd period - Wrist shot by Nate Thompson.
18:15 of 2nd period - Shot Misses the Net.
18:17 of 2nd period - Wrist shot by Taylor Chorney.
18:17 of 2nd period - Shot Blocked by Jon Merrill.
18:23 of 2nd period - Minor Penalty to Jon Merrill for Interference.
18:24 of 2nd period - Jordan Staal wins face-off versus Daniel Carcillo in Lightning zone.
Goals for this period are 0 for Lightning vs 0 for Maple Leafs.
Shots for this period are 6 for Lightning vs 3 for Maple Leafs.

3rd period


0:01 of 3rd period - Henrik Zetterberg wins face-off versus Jordan Staal in neutral zone.
0:04 of 3rd period - Wrist shot by Henrik Zetterberg.
0:04 of 3rd period - Stopped by Tyler Weiman without a rebound.
0:05 of 3rd period - Henrik Zetterberg wins face-off versus Jordan Staal in Maple Leafs zone.
0:12 of 3rd period - Snap shot by Daniel Carcillo.
0:12 of 3rd period - Shot Blocked by Patrick Kane.
0:14 of 3rd period - Wrist shot by Paul Ranger.
0:14 of 3rd period - Stopped by Tyler Weiman with a rebound.
0:16 of 3rd period - Wrist shot by Paul Ranger.
0:16 of 3rd period - Deflect By Taylor Hall.
0:16 of 3rd period - Stopped by Tyler Weiman with a rebound.
0:18 of 3rd period - Backhand shot by Andy Rogers.
0:18 of 3rd period - Shot Blocked by Jordan Staal.
0:20 of 3rd period - Slapshot by Paul Ranger.
0:20 of 3rd period - Stopped by Tyler Weiman without a rebound.
0:21 of 3rd period - Jordan Staal wins face-off versus Henrik Zetterberg in Maple Leafs zone.
0:23 of 3rd period - Penalty to Jon Merrill is over, Jon Merrill is back on ice.
0:28 of 3rd period - Wrist shot by Daniel Carcillo.
0:28 of 3rd period - Shot Misses the Net.
0:56 of 3rd period - Snap shot by Patrick Kaleta.
0:56 of 3rd period - Stopped by Tyler Weiman without a rebound.
0:57 of 3rd period - Gilbert Brule wins face-off versus Jordan Staal in Maple Leafs zone.
0:58 of 3rd period - Wrist shot by Henrik Zetterberg.
0:58 of 3rd period - Shot Misses the Net.
1:24 of 3rd period - Ben Smith is hit by Kevin Hayes and loses puck.
1:53 of 3rd period - Backhand shot by Sam Gagner.
1:53 of 3rd period - Stopped by Tyler Weiman with a rebound.
2:05 of 3rd period - Slapshot by Braydon Coburn.
2:05 of 3rd period - Stopped by Jaroslav Halak without a rebound.
2:06 of 3rd period - Mikael Backlund wins face-off versus Nate Thompson in Lightning zone.
2:28 of 3rd period - Wrist shot by Mikael Backlund.
2:28 of 3rd period - Stopped by Tyler Weiman without a rebound.
2:29 of 3rd period - Jordan Staal wins face-off versus Gilbert Brule in Maple Leafs zone.
2:40 of 3rd period - Slapshot by Henrik Zetterberg.
2:40 of 3rd period - Deflect By Jordan Staal.
2:40 of 3rd period - Shot Blocked by Patrick Kane.
2:40 of 3rd period - Puck is out of play.
2:41 of 3rd period - Gilbert Brule wins face-off versus Jordan Staal in Maple Leafs zone.
2:42 of 3rd period - Snap shot by Henrik Zetterberg.
2:42 of 3rd period - Stopped by Tyler Weiman with a rebound.
2:44 of 3rd period - Slapshot by Theo Peckham.
2:44 of 3rd period - Shot Misses the Net.
3:25 of 3rd period - Icing by Daniel Carcillo.
3:26 of 3rd period - Zac Dalpe wins face-off versus Sam Gagner in Lightning zone.
3:29 of 3rd period - Snap shot by Blake Comeau.
3:29 of 3rd period - Shot Blocked by Andy Rogers.
3:35 of 3rd period - Slapshot by Theo Peckham.
3:35 of 3rd period - Shot Misses the Net.
3:37 of 3rd period - Snap shot by Teuvo Teravainen.
3:37 of 3rd period - Shot Misses the Net.
3:39 of 3rd period - Snap shot by Patrick Kaleta.
3:39 of 3rd period - Stopped by Tyler Weiman without a rebound.
3:40 of 3rd period - Gilbert Brule wins face-off versus Jordan Staal in Maple Leafs zone.
4:23 of 3rd period - Wrist shot by Fabian Brunnstrom.
4:23 of 3rd period - Shot Misses the Net.
5:39 of 3rd period - Wrist shot by Brayden Schenn.
5:39 of 3rd period - Stopped by Jaroslav Halak without a rebound.
5:40 of 3rd period - Brayden Schenn wins face-off versus Sam Gagner in Lightning zone.
6:09 of 3rd period - Snap shot by Ben Smith.
6:09 of 3rd period - Shot Misses the Net.
6:11 of 3rd period - Wrist shot by Paul Ladue.
6:11 of 3rd period - Shot Misses the Net.
6:25 of 3rd period - Gilbert Brule is hit by Brayden Schenn.
6:45 of 3rd period - Snap shot by Tyler Toffoli.
6:45 of 3rd period - Shot Misses the Net.
7:53 of 3rd period - Snap shot by Brayden Schenn.
7:53 of 3rd period - Shot Blocked by Jon Merrill.
7:55 of 3rd period - Snap shot by Fabian Brunnstrom.
7:55 of 3rd period - Goal by Fabian Brunnstrom - Lightning : 1 - Maple Leafs : 3.
7:56 of 3rd period - Jordan Staal wins face-off versus Mika Zibanejad in neutral zone.
8:01 of 3rd period - Wrist shot by Jordan Staal.
8:01 of 3rd period - Stopped by Jaroslav Halak without a rebound.
8:02 of 3rd period - Mika Zibanejad wins face-off versus Taylor Hall in Lightning zone.
8:09 of 3rd period - Snap shot by Taylor Hall.
8:09 of 3rd period - Shot Misses the Net.
8:17 of 3rd period - Slapshot by Taylor Hall.
8:17 of 3rd period - Stopped by Jaroslav Halak without a rebound.
8:18 of 3rd period - Jordan Staal wins face-off versus Teuvo Teravainen in Lightning zone.
8:23 of 3rd period - Wrist shot by Patrick Kane.
8:23 of 3rd period - Stopped by Jaroslav Halak without a rebound.
8:24 of 3rd period - Sam Gagner wins face-off versus Jordan Staal in Lightning zone.
8:40 of 3rd period - Minor Penalty to Patrick Kane for Hooking.
8:41 of 3rd period - Mika Zibanejad wins face-off versus Blake Comeau in Maple Leafs zone.
10:40 of 3rd period - Penalty to Patrick Kane is over, Patrick Kane is back on ice.
11:22 of 3rd period - Off-side.
11:23 of 3rd period - Tyler Toffoli wins face-off versus Zac Dalpe in neutral zone.
11:32 of 3rd period - Tyler Toffoli is hit by Zac Dalpe and loses puck.
12:20 of 3rd period - Ryan Parent is hit by Jon Merrill and loses puck.
12:35 of 3rd period - Jon Merrill is hit by Patrick Kane and loses puck.
12:59 of 3rd period - Wrist shot by Eric Nystrom.
12:59 of 3rd period - Shot Misses the Net.
13:17 of 3rd period - Kevin Shattenkirk is hit by Paul Ranger and loses puck.
13:59 of 3rd period - Slapshot by Mika Zibanejad.
13:59 of 3rd period - Shot Misses the Net.
14:01 of 3rd period - Snap shot by Daniel Carcillo.
14:01 of 3rd period - Stopped by Tyler Weiman without a rebound.
14:02 of 3rd period - Mika Zibanejad wins face-off versus Jordan Staal in Maple Leafs zone.
14:47 of 3rd period - Slapshot by Patrick Kane.
14:47 of 3rd period - Shot Misses the Net.
14:49 of 3rd period - Snap shot by Jordan Staal.
14:49 of 3rd period - Stopped by Jaroslav Halak with a rebound.
14:51 of 3rd period - Wrist shot by Jordan Staal.
14:51 of 3rd period - Stopped by Jaroslav Halak without a rebound.
14:52 of 3rd period - Brayden Schenn wins face-off versus Sam Gagner in Lightning zone.
14:53 of 3rd period - Slapshot by Ben Smith.
14:53 of 3rd period - Stopped by Jaroslav Halak without a rebound.
14:54 of 3rd period - Sam Gagner wins face-off versus Brayden Schenn in Lightning zone.
15:09 of 3rd period - Slapshot by Fabian Brunnstrom.
15:09 of 3rd period - Stopped by Jaroslav Halak with a rebound.
15:11 of 3rd period - Snap shot by Ryan Parent.
15:11 of 3rd period - Stopped by Jaroslav Halak with a rebound.
15:51 of 3rd period - Wrist shot by Patrick Kane.
15:51 of 3rd period - Shot Blocked by Dany Heatley.
15:53 of 3rd period - Snap shot by Jordan Staal.
15:53 of 3rd period - Shot Blocked by Theo Peckham.
17:57 of 3rd period - Snap shot by Gilbert Brule.
17:57 of 3rd period - Shot Blocked by Kevin Shattenkirk.
17:59 of 3rd period - Slapshot by Rasmus Ristolainen.
17:59 of 3rd period - Deflect By Tyler Toffoli.
17:59 of 3rd period - Stopped by Tyler Weiman with a rebound.
18:01 of 3rd period - Snap shot by Tyler Toffoli.
18:01 of 3rd period - Stopped by Tyler Weiman with a rebound.
18:03 of 3rd period - Wrist shot by Rasmus Ristolainen.
18:03 of 3rd period - Stopped by Tyler Weiman without a rebound.
18:04 of 3rd period - Mika Zibanejad wins face-off versus Zac Dalpe in Maple Leafs zone.
18:07 of 3rd period - Slapshot by Daniel Carcillo.
18:07 of 3rd period - Shot Misses the Net.
18:43 of 3rd period - Snap shot by Jordan Staal.
18:43 of 3rd period - Shot Blocked by Theo Peckham.
18:54 of 3rd period - Minor Penalty to Fabian Brunnstrom for Slashing.
18:55 of 3rd period - Mika Zibanejad wins face-off versus Patrick Kane in Maple Leafs zone.
18:56 of 3rd period - Slapshot by Henrik Zetterberg.
18:56 of 3rd period - Stopped by Tyler Weiman without a rebound.
18:57 of 3rd period - Patrick Kane wins face-off versus Mika Zibanejad in Maple Leafs zone.
19:08 of 3rd period - Kevin Shattenkirk is hit by Mika Zibanejad and loses puck.
Goals for this period are 0 for Lightning vs 1 for Maple Leafs.
Shots for this period are 14 for Lightning vs 11 for Maple Leafs.